 Dungeon Crawl Stone Soup version 0.31-a0-162-gc4c5a43528 (webtiles) character file.

Game seed: 10902099233318880006

185498 IndexError the Fighter (level 19, -9/141 HPs)
             Began as a Djinni Fire Elementalist on June 13, 2023.
             Was a High Priest of Elyvilon.
             Mangled by an entropy weaver (12 damage)
             ... on level 4 of the Spider Nest.
             The game lasted 01:35:56 (30240 turns).

IndexError the Fighter (Djinni Fire Elementalist)  Turns: 30240, Time: 01:35:57

Health: -9/141     AC:  5    Str:  7    XL:     19   Next: 14%
Gold:   2353       EV: 14    Int: 26    God:    Elyvilon [*****.] SH:  5 Dex: 13

rFire   + + .        b - staff of conjuration {!a}
rCold   x . .        Y - +0 buckler
rNeg    . . .        T - +0 troll leather armour {regen}
rPois   ∞            i - +2 helmet {SInv}
rElec   .            v - +2 cloak {rCorr}
rCorr   +            k - +2 pair of gloves
SInv    +            (boots unavailable)
Will    +++..        R - amulet of faith {Faith, !P}
Stlth   ++           c - ring of willpower
HPRegen 1.23/turn    L - ring of willpower
MPRegen 0.00/turn

%: faith, infuse magic (-10 HP)
@: corroded, flying
A: sickness immunity, fire resistance 2, cold vulnerability 1, float, innate
caster, HP casting, extra vitality 1, screaming 1
a: Renounce Religion, Purification, Heal Other, Heal Self, Divine Vigour


You were on level 4 of the Spider Nest.
You worshipped Elyvilon.
Elyvilon was extremely pleased with you.
You visited 5 branches of the dungeon, and saw 26 of its levels.
You also visited: Gauntlet and Ice Cave.

You collected 2579 gold pieces.
You spent 226 gold pieces at shops.

Inventory:

Hand Weapons
 N - the +8 whip "Snakebite" {venom, curare, rPois}
   (You took it off Amaemon on level 3 of the Lair of Beasts)

   rPois:     It protects you from poison.
Missiles
 U - 5 atropa-tipped darts
Armour
 i - a +2 helmet of see invisible (worn)
   (You found it in a Gauntlet)
 k - a +2 pair of gloves (worn)
   (You found it on level 3 of the Dungeon)
 v - a +2 cloak of preservation (worn)
   (You took it off Crazy Yiuf on level 2 of the Dungeon)
 T - a +0 troll leather armour (worn) {regen}
   (You found it on level 10 of the Dungeon)
 Y - a +0 buckler (worn)
   (You found it in a Gauntlet)
Magical Staves
 a - a staff of cold {rC+}
   (You found it on level 4 of the Dungeon)
 b - a staff of conjuration (weapon) {!a}
   (You found it in a Gauntlet)
 q - a staff of poison {rPois}
   (You took it off Arachne on level 3 of the Spider Nest)
 s - a staff of conjuration {!a}
   (You found it in an ice cave)
Jewellery
 c - a ring of willpower (left hand)
   (You found it on level 1 of the Lair of Beasts)
 e - the ring "Xinkuka" {rF+ rN+ Will- Str+2 Int+3}
   (You found it on level 5 of the Lair of Beasts)

   [ring of positive energy]

   Str:       It affects your strength (+2).
   Int:       It affects your intelligence (+3).
   rF:        It protects you from fire.
   rN:        It protects you from negative energy.
   Will:      It decreases your willpower.
 x - an amulet of regeneration {+regen, !d}
   (You found it in an ice cave)
 y - a ring of protection from cold {rC+, !d}
   (You found it on level 4 of the Dungeon)
 C - a ring of protection from cold {rC+, !d}
   (You found it on level 12 of the Dungeon)
 L - a ring of willpower (right hand)
   (You found it on level 8 of the Dungeon)
 R - an amulet of faith (around neck) {Faith, !P}
   (You found it on level 4 of the Lair of Beasts)
Wands
 u - a wand of polymorph (11)
   (You found it on level 2 of the Dungeon)
 w - a wand of flame (69)
   (You took it off Crazy Yiuf on level 2 of the Dungeon)
 B - a wand of acid (16)
   (You found it on level 5 of the Dungeon)
 E - a wand of mindburst (6)
   (You found it on level 12 of the Dungeon)
 J - a wand of paralysis (34)
   (You found it on level 7 of the Dungeon)
 M - a wand of digging (3)
   (You found it on level 8 of the Dungeon)
 V - a wand of roots (11)
   (You found it on level 11 of the Dungeon)
Scrolls
 d - 2 scrolls of revelation
 f - 3 scrolls of fog
 g - 5 scrolls of teleportation
 h - a scroll of identify
 p - 3 scrolls of fear
 D - 2 scrolls of silence
 H - 2 scrolls of enchant weapon
 K - 2 scrolls of brand weapon
 O - 5 scrolls of poison
 Q - a scroll of torment {!r}
Potions
 j - 2 potions of cancellation
 l - 5 potions of brilliance {unknown}
 m - 6 potions of mutation {!q}
 n - 12 potions of curing
 o - a potion of ambrosia
 r - 5 potions of might
 t - 4 potions of lignification {!q}
 z - 9 potions of invisibility {unknown}
 A - a potion of resistance
 I - 4 potions of enlightenment
 P - 4 potions of attraction {!q}
Miscellaneous
 F - a phantom mirror (inert)
   (You found it on level 5 of the Lair of Beasts)
 G - a piece from Xom's chessboard (15/15)
   (You found it in an ice cave)
 S - a phial of floods (inert)
   (You found it on level 10 of the Dungeon)
 W - a box of beasts (inert)
   (You found it in a Gauntlet)
 X - a lightning rod (4/4)
   (You found it in a Gauntlet)


   Skills:
 + Level 14.7 Fighting
 - Level 10.0 Dodging
 - Level 1.5 Stealth
 - Level 5.0 Shields
 - Level 14.2 Spellcasting
 - Level 14.2 Conjurations
 - Level 14.2 Hexes
 - Level 14.2 Summonings
 - Level 14.2 Necromancy
 - Level 14.2 Translocations
 - Level 14.2 Transmutations
 - Level 14.2 Fire Magic
 - Level 14.2 Ice Magic
 - Level 14.2 Air Magic
 - Level 14.2 Earth Magic
 - Level 14.2 Poison Magic
 + Level 14.7 Invocations
 - Level 10.0 Evocations


You knew the following spells:

 Your Spells              Type           Power      Damage    Failure   Level
a - Foxfire               Conj/Fire      100%       2x1d9     1%          1
b - Scorch                Fire           100%       2d9       1%          2
c - Volatile Blastmotes   Fire/Tloc      100%       2d18      1%          3
d - Inner Flame           Hex/Fire       75%        N/A       1%          3
e - Flame Wave            Conj/Fire      95%        2d20      1%          4
f - Summon Small Mammal   Summ           100%       N/A       1%          1
g - Blink                 Tloc           100%       N/A       1%          2
h - Momentum Strike       Conj/Tloc      100%       3d10      1%          2
i - Summon Lightning Spi  Summ/Air       75%        N/A       1%          4
j - Leda's Unmaking       Conj/Erth      47%        9d8       3%          6
k - Summon Hydra          Summ           37%        N/A       17%         7
s - Swiftness             Air            75%        N/A       1%          3
L - Borgnjor's Vile Clut  Necr/Erth      37%        N/A       1%          5
O - Simulacrum            Ice/Necr       37%        N/A       3%          6
Your spell library was empty.

Dungeon Overview and Level Annotations

Branches:
Dungeon (14/15)            Temple (1/1) D:4            Lair (5/5) D:8
 Shoals (0/4) Lair:2       Spider (4/4) Lair:3        Slime (0/5) Lair:5
    Orc (2/2) D:12            Elf (0/3) Orc:2        Vaults (0/5) D:13
  IceCv (visited)         Gauntlet (visited)

Altars:
Ashenzari
Cheibriados
Dithmenos
Elyvilon
Fedhas
Gozag
Hepliaklqana
Makhleb
Nemelex Xobeh
Okawaru
Qazlal
Ru
Trog
Uskayaw
Wu Jian
Xom
Yredelemnul
Zin
The Shining One

Shops:
D:3 !   Orc:2 !([!

Annotations:
D:8 2 transporters, CannotBeFrozen's ghost, novice DgWr
Lair:3 2 transporters, Qoatoaf's ghost, journeyman MiFi
Lair:5 exclusion: obsidian statue


Innate Abilities, Weirdness & Mutations

You are immune to sickness and miasma.
You are immune to poison.
Your flesh is very heat resistant. (rF++)
You are vulnerable to cold. (rC-)
You float through the air rather than walking.
You learn spells naturally, not from books.
Your magical power is your life essence.
You have superior vitality. (+4 MHP)
You occasionally shout uncontrollably at your foes.


Message History

The jumping spider pounces on you but does no damage.
The jumping spider closely misses you. The jumping spider pounces on you!
The jumping spider bites you but does no damage.
Your eight-headed hydra struggles to get unstuck from the web.
The tarantella touches your eight-headed hydra!
You take 9 damage, and have 81/141 hp.
The wolf spider attacks as you move away!
The wolf spider hits you! The wolf spider closely misses you.
Your eight-headed hydra disappears in a puff of smoke!
The wolf spider barely misses you. The wolf spider bites you.
You take 11 damage, and have 70/141 hp.
The jumping spider leaps!
The entropy weaver points at you and mumbles some strange words.
You regained 2 hp, and now have 72/141 hp.
Casting: Summon Hydra (dangerous; 17% risk of failure)
Confirm with . or Enter, or press ? or * to list all spells.
You don't know that spell.
The wolf spider barely misses you. x2
Casting: Summon Hydra (dangerous; 17% risk of failure)
Confirm with . or Enter, or press ? or * to list all spells.
A cloud of volatile blastmotes flares up around you!
The jumping spider leaps!
The wolf spider barely misses you. The wolf spider misses you.
You take 2 damage, and have 71/141 hp.
The cloud of blastmotes explodes!
The concussive blast engulfs the wolf spider!!
The concussive blast engulfs you! You resist.
You are knocked back by the blast.
You hear a faint skittering sound.
You hear a skittering sound.
You take 7 damage, and have 64/141 hp.
Casting: Volatile Blastmotes (safe; 1% risk of failure)
Confirm with . or Enter, or press ? or * to list all spells.
An electric hum fills the air.
The jumping spider leaps!
A jumping spider comes into view.
The wolf spider barely misses you. You block the wolf spider's attack.
You take 2 damage, and have 62/141 hp.
The entropy weaver gestures at you while chanting.
The entropic weave corrodes you!
The jumping spider leaps!
The wolf spider hits you but does no damage.
You block the wolf spider's attack.
The jumping spider leaps!
The entropy weaver gestures at you while chanting.
The entropic weave corrodes you!
The wolf spider attacks as you move away!
The wolf spider hits you! The wolf spider barely misses you.
The tarantella attacks as you move away!
The tarantella barely misses you.
A redback comes into view.
The wolf spider hits you! The wolf spider bites you.
* * * LOW HITPOINT WARNING * * *
Your lightning spire shoots out a bolt of lightning at the wolf spider!
The bolt of electricity hits the tarantella!!
The bolt of electricity hits the wolf spider!
You see here a culicivora corpse.
You take 25 damage, and have 39/141 hp.
Casting: Summon Lightning Spire (safe; 1% risk of failure)
Confirm with . or Enter, or press ? or * to list all spells.
Casting: Flame Wave (safe; 1% risk of failure)
Press: ? - help, Dir - look around, f - activate You feel a surge of power!
A wave of flame ripples out!
The flame wave engulfs the wolf spider!!
The flame wave engulfs the tarantella!! (Press . to intensify the flame waves.)
* * * LOW HITPOINT WARNING * * *
You hear a skittering sound.
The wolf spider hits you!
* * * LOW HITPOINT WARNING * * *
The wolf spider barely misses you.
You take 18 damage, and have 21/141 hp.
Really fire at your lightning spire? [Y]es or [N]o only, please.
Really fire at your lightning spire? [Y]es or [N]o only, please.
Really fire at your lightning spire? [Y]es or [N]o only, please.
Really fire at your lightning spire?
Okay, then.
You stop channeling waves of flame.
You block the wolf spider's attack.
The wolf spider bites you but does no damage.
The jumping spider leaps! x2; The wolf spider barely misses you.
The wolf spider closely misses you.
You are healed.
The jumping spider leaps!
The entropy weaver hits you.
The entropy weaver hits you but does no damage.
The entropy weaver hits you.
* * * LOW HITPOINT WARNING * * *
The entropy weaver hits you.
* * * LOW HITPOINT WARNING * * *
The wolf spider hits you!!
* * * LOW HITPOINT WARNING * * *
The wolf spider completely misses you.
The entropy weaver hits you but does no damage.
The entropy weaver hits you!
* * * LOW HITPOINT WARNING * * *
The entropy weaver closely misses you. The entropy weaver barely misses you.
You take 19 damage, and have 3/141 hp.
The entropy weaver attacks as you move away!
The entropy weaver hits you! Elyvilon protects you from harm!
The entropy weaver hits you!
You die...

,,,,^,...........................
,,,,,,..........^^....<.^...^#..^
,,,,,,......................##...
,,***,.................#..###....
***,,,.......s........######.....
*,,,,............###.# #......^
*,,,,,,^..^^.^..§# ### ##......
*~,,,^*,...^#...~# #.......
*^,,,^*,...,#^.@°# ####.....
*,,,,^*,,,,,#~Bs†## ##........
**,,,,,*^,,,^#...^8# #^........
*,^,,,^*,,,,,#..s.^# ##........
*,,,,,,*....,#~...^# ##........
*^,,,,,#.....##^..^## #^........
*,,,,,,#~...~.#....^# ##.^.....#
*,,,,,^#.....^#^....# ##.......^
*,,,,,,#~.....#.....# #........#


You could see an entropy weaver, a wolf spider (ally target), a jumping spider,
a redback and a friendly lightning spire (summoned).

Vanquished Creatures
  Nikola (Spider:3)
  A ghost moth (Spider:4)
  2 very ugly things (IceCv)
  3 broodmothers
  A dire elephant (Lair:5)
  A spark wasp (Spider:1)
  A minotaur (Gauntlet)
  Josephine (D:13)
  8 vault guards (D:13)
  An entropy weaver (Spider:4)
  Fannar (D:12)
  5 hydras
  A radroach (Spider:3)
  A caustic shrike simulacrum (IceCv)
  2 jorogumos
  2 catoblepae
  2 boulder beetles
  5 death yaks (Lair:4)
  2 two-headed ogres
  Erica (D:9)
  6 demonic crawlers
  A tengu warrior (D:12)
  A spectral dire elephant (Lair:5)
  Nergalle (Lair:3)
  A soul eater (Gauntlet)
  2 skysharks
  Sonja (Lair:3)
  Amaemon (Lair:3)
  A skeletal warrior (D:13)
  A sun moth (Spider:3)
  4 pharaoh ants
  A spectral anaconda (Lair:5)
  5 orb spiders
  2 orange crystal statues (IceCv)
  Pikel (D:7)
  2 orc knights
  3 steelbarb worms
  3 orc sorcerers (Orc:1)
  4 cyclopes
  4 necromancers (Lair:5)
  7 wolf spiders
  2 moths of wrath
  A manticore (D:12)
  3 black mambas
  2 ice statues (Spider:4)
  A torpor snail (Spider:1)
  31 elephants
  An orange demon (Lair:3)
  12 cane toads
  4 gargoyles
  Maggie (D:6)
  An unseen horror (D:11)
  4 freezing wraiths (IceCv)
  An efreet (D:13)
  2 rime drakes
  4 komodo dragons
  3 anaconda simulacra (IceCv)
  3 golden dragon simulacra (IceCv)
  2 meliai (Spider:3)
  3 polar bears
  8 trolls
  24 tarantellas
  13 blink frogs
  3 shadows
  6 slime creatures
  12 jumping spiders
  A dire elephant simulacrum (IceCv)
  14 culicivoras
  Sigmund (D:2)
  6 wyverns
  5 wraiths
  4 steam dragons
  27 yaks
  3 basilisks
  A vampire mosquito (D:7)
  A neqoxec (Gauntlet)
  A death yak simulacrum (Lair:5)
  A chaos spawn (Gauntlet)
  25 redbacks
  2 harpy simulacra (IceCv)
  Menkaure (D:7)
  2 wargs
  A swamp worm (Gauntlet)
  The ghost of kush the Cutter, an amateur VSMo of Okawaru (D:5)
  15 water moccasins
  A hydra simulacrum (IceCv)
  30 orc warriors
  An ice beast (D:5)
  3 ettin simulacra (IceCv)
  2 sky beasts
  An elephant zombie (Lair:5)
  4 black bears
  4 ogres
  9 wolves
  13 centaurs
  4 lemures (D:7)
  2 phantoms
  4 kobold brigands
  11 bullfrogs
  2 gnoll sergeants
  4 cane toad simulacra (Lair:5)
  6 scorpions
  4 wights (D:8)
  6 killer bees (D:8)
  2 lindwurm simulacra (IceCv)
  6 electric eels
  3 hounds
  A jelly (D:6)
  9 orc priests
  2 sleepcaps (D:4)
  A gnoll bouda (D:4)
  Crazy Yiuf (D:2)
  3 iguanas
  15 orc wizards
  4 hell rats
  A mummy (D:6)
  19 gnolls
  5 adders
  3 shadow imps
  2 white imps
  4 ufetubi
  A worm (D:4)
  5 dart slugs
  50 orcs
  A bat (D:3)
  9 endoplasms
  5 hobgoblins
  2 quokkas
  6 ball pythons
  2 frilled lizards
  5 goblins
  20 kobolds
  4 orc zombies (D:6)
  2 rats
  A butterfly (Lair:1)
  3 foxfires
661 creatures vanquished.

Vanquished Creatures (collateral kills)
  Arachne (Spider:3)
  An orc warlord (Orc:1)
  Urug (D:11)
  An orb spider (Spider:4)
  A deep elf pyromancer (D:14)
  A cyclops (D:12)
  An elephant (Lair:5)
  An efreet (D:13)
  A meliai (Spider:3)
  A tyrant leech (Gauntlet)
  2 wraiths (D:13)
  3 swamp worms (Gauntlet)
  A warg (Orc:2)
  An orc warrior (Orc:1)
  An ogre (Orc:1)
  3 lava snakes (Lair:2)
  A gnoll (D:12)
  2 orcs (Orc:2)
  56 foxfires
80 creatures vanquished.

Vanquished Creatures (others)
  A jumping spider (Spider:3)
  A redback (Spider:3)
  An orc warrior (Orc:2)
  3354 foxfires
3357 creatures vanquished.

Grand Total: 4098 creatures vanquished

Notes
Turn   | Place    | Note
-------+----------+-------------------------------------------
     0 | D:1      | Reached skill level 3 in Spellcasting
     0 | D:1      | Reached skill level 3 in Conjurations
     0 | D:1      | Reached skill level 3 in Hexes
     0 | D:1      | Reached skill level 3 in Summonings
     0 | D:1      | Reached skill level 3 in Necromancy
     0 | D:1      | Reached skill level 3 in Translocations
     0 | D:1      | Reached skill level 3 in Transmutations
     0 | D:1      | Reached skill level 3 in Fire Magic
     0 | D:1      | Reached skill level 3 in Ice Magic
     0 | D:1      | Reached skill level 3 in Air Magic
     0 | D:1      | Reached skill level 3 in Earth Magic
     0 | D:1      | Reached skill level 3 in Poison Magic
     0 | D:1      | IndexError the Djinni Fire Elementalist began the quest for
                  | the Orb.
     0 | D:1      | IndexError set off with the following spells memorised:
                  | Foxfire, Scorch, Volatile Blastmotes, Inner Flame, Flame
                  | Wave.
     0 | D:1      | Reached XP level 1. HP: 15/15 MP: 0/0
   136 | D:1      | Reached XP level 2. HP: 16/21 MP: 0/0
   234 | D:1      | Found a faded altar of an unknown god.
  1031 | D:2      | Reached XP level 3. HP: 23/25 MP: 0/0
  1031 | D:2      | Learned a level 1 spell: Summon Small Mammal
  1181 | D:2      | You are sucked into a shaft and drop 1 floor!
  1553 | D:3      | Reached skill level 4 in Spellcasting
  1553 | D:3      | Reached skill level 4 in Conjurations
  1553 | D:3      | Reached skill level 4 in Hexes
  1553 | D:3      | Reached skill level 4 in Summonings
  1553 | D:3      | Reached skill level 4 in Necromancy
  1553 | D:3      | Reached skill level 4 in Translocations
  1553 | D:3      | Reached skill level 4 in Transmutations
  1553 | D:3      | Reached skill level 4 in Fire Magic
  1553 | D:3      | Reached skill level 4 in Ice Magic
  1553 | D:3      | Reached skill level 4 in Air Magic
  1553 | D:3      | Reached skill level 4 in Earth Magic
  1553 | D:3      | Reached skill level 4 in Poison Magic
  1553 | D:3      | Reached XP level 4. HP: 25/31 MP: 0/0
  1729 | D:3      | Reached XP level 5. HP: 11/35 MP: 0/0
  1729 | D:3      | Learned a level 2 spell: Blink
  1858 | D:3      | Found Syofrapu's Distillery.
  1979 | D:2      | Noticed Sigmund
  1981 | D:2      | Killed Sigmund
  1982 | D:2      | Reached skill level 5 in Spellcasting
  1982 | D:2      | Reached skill level 5 in Conjurations
  1982 | D:2      | Reached skill level 5 in Hexes
  1982 | D:2      | Reached skill level 5 in Summonings
  1982 | D:2      | Reached skill level 5 in Necromancy
  1982 | D:2      | Reached skill level 5 in Translocations
  1982 | D:2      | Reached skill level 5 in Transmutations
  1982 | D:2      | Reached skill level 5 in Fire Magic
  1982 | D:2      | Reached skill level 5 in Ice Magic
  1982 | D:2      | Reached skill level 5 in Air Magic
  1982 | D:2      | Reached skill level 5 in Earth Magic
  1982 | D:2      | Reached skill level 5 in Poison Magic
  1982 | D:2      | Reached XP level 6. HP: 34/40 MP: 0/0
  2314 | D:2      | Found a runed translucent door.
  2321 | D:2      | Noticed Crazy Yiuf
  2782 | D:2      | Killed Crazy Yiuf
  2989 | D:4      | Reached XP level 7. HP: 43/45 MP: 0/0
  2989 | D:4      | Learned a level 2 spell: Momentum Strike
  3068 | D:4      | Found a staircase to the Ecumenical Temple.
  3092 | Temple   | Entered the Ecumenical Temple
  3092 | Temple   | Found a transporter.
  3092 | Temple   | Found a transporter.
  3100 | Temple   | Found a transporter.
  3100 | Temple   | Found a transporter.
  3130 | Temple   | Became a worshipper of Elyvilon the Healer
  3274 | D:4      | Reached skill level 6 in Spellcasting
  3274 | D:4      | Reached skill level 6 in Conjurations
  3274 | D:4      | Reached skill level 6 in Hexes
  3274 | D:4      | Reached skill level 6 in Summonings
  3274 | D:4      | Reached skill level 6 in Necromancy
  3274 | D:4      | Reached skill level 6 in Translocations
  3274 | D:4      | Reached skill level 6 in Transmutations
  3274 | D:4      | Reached skill level 6 in Fire Magic
  3274 | D:4      | Reached skill level 6 in Ice Magic
  3274 | D:4      | Reached skill level 6 in Air Magic
  3274 | D:4      | Reached skill level 6 in Earth Magic
  3274 | D:4      | Reached skill level 6 in Poison Magic
  3907 | D:4      | Reached * piety under Elyvilon
  4145 | D:5      | Entered Level 5 of the Dungeon
  4154 | D:5      | Reached skill level 7 in Spellcasting
  4154 | D:5      | Reached skill level 7 in Conjurations
  4154 | D:5      | Reached skill level 7 in Hexes
  4154 | D:5      | Reached skill level 7 in Summonings
  4154 | D:5      | Reached skill level 7 in Necromancy
  4154 | D:5      | Reached skill level 7 in Translocations
  4154 | D:5      | Reached skill level 7 in Transmutations
  4154 | D:5      | Reached skill level 7 in Fire Magic
  4154 | D:5      | Reached skill level 7 in Ice Magic
  4154 | D:5      | Reached skill level 7 in Air Magic
  4154 | D:5      | Reached skill level 7 in Earth Magic
  4154 | D:5      | Reached skill level 7 in Poison Magic
  4154 | D:5      | Reached XP level 8. HP: 44/50 MP: 0/0
  4399 | D:5      | Found a runed translucent door.
  4405 | D:5      | Noticed kush's ghost (amateur VSMo)
  4541 | D:5      | Reached ** piety under Elyvilon
  4947 | D:5      | Killed kush's ghost
  4948 | D:5      | Reached skill level 8 in Spellcasting
  4948 | D:5      | Reached skill level 8 in Conjurations
  4948 | D:5      | Reached skill level 8 in Hexes
  4948 | D:5      | Reached skill level 8 in Summonings
  4948 | D:5      | Reached skill level 8 in Necromancy
  4948 | D:5      | Reached skill level 8 in Translocations
  4948 | D:5      | Reached skill level 8 in Transmutations
  4948 | D:5      | Reached skill level 8 in Fire Magic
  4948 | D:5      | Reached skill level 8 in Ice Magic
  4948 | D:5      | Reached skill level 8 in Air Magic
  4948 | D:5      | Reached skill level 8 in Earth Magic
  4948 | D:5      | Reached skill level 8 in Poison Magic
  5056 | D:6      | Reached skill level 1 in Fighting
  5065 | D:6      | Noticed Maggie
  5066 | D:6      | Reached skill level 2 in Fighting
  5066 | D:6      | Reached XP level 9. HP: 34/58 MP: 0/0
  5066 | D:6      | Learned a level 3 spell: Swiftness
  5076 | D:6      | Killed Maggie
  5077 | D:6      | Reached skill level 3 in Fighting
  5269 | D:6      | Reached skill level 4 in Fighting
  5803 | D:6      | Found a broken altar of Ashenzari.
  5803 | D:6      | Found a faded altar of an unknown god.
  5811 | D:6      | Found a burning altar of Makhleb.
  5813 | D:6      | Found an ornate altar of the Wu Jian Council.
  5815 | D:6      | Found a faded altar of an unknown god.
  6085 | D:7      | Reached skill level 5 in Fighting
  6203 | D:7      | Noticed Pikel
  6216 | D:7      | Killed Pikel
  6217 | D:7      | Reached skill level 9 in Spellcasting
  6217 | D:7      | Reached skill level 9 in Conjurations
  6217 | D:7      | Reached skill level 9 in Hexes
  6217 | D:7      | Reached skill level 9 in Summonings
  6217 | D:7      | Reached skill level 9 in Necromancy
  6217 | D:7      | Reached skill level 9 in Translocations
  6217 | D:7      | Reached skill level 9 in Transmutations
  6217 | D:7      | Reached skill level 9 in Fire Magic
  6217 | D:7      | Reached skill level 9 in Ice Magic
  6217 | D:7      | Reached skill level 9 in Air Magic
  6217 | D:7      | Reached skill level 9 in Earth Magic
  6217 | D:7      | Reached skill level 9 in Poison Magic
  6217 | D:7      | Reached XP level 10. HP: 44/72 MP: 0/0
  6245 | D:7      | Reached skill level 6 in Fighting
  6635 | D:7      | Reached skill level 7 in Fighting
  6757 | D:7      | Noticed Menkaure
  6764 | D:7      | Killed Menkaure
  6831 | D:7      | Reached *** piety under Elyvilon
  7368 | D:8      | Reached skill level 10 in Spellcasting
  7368 | D:8      | Reached skill level 10 in Conjurations
  7368 | D:8      | Reached skill level 10 in Hexes
  7368 | D:8      | Reached skill level 10 in Summonings
  7368 | D:8      | Reached skill level 10 in Necromancy
  7368 | D:8      | Reached skill level 10 in Translocations
  7368 | D:8      | Reached skill level 10 in Transmutations
  7368 | D:8      | Reached skill level 10 in Fire Magic
  7368 | D:8      | Reached skill level 10 in Ice Magic
  7368 | D:8      | Reached skill level 10 in Air Magic
  7368 | D:8      | Reached skill level 10 in Earth Magic
  7368 | D:8      | Reached skill level 10 in Poison Magic
  7379 | D:8      | Reached skill level 8 in Fighting
  7861 | D:8      | Found a transporter.
  7862 | D:8      | Noticed CannotBeFrozen's ghost (novice DgWr)
  7868 | D:8      | Found a transporter.
  7948 | D:8      | Found a staircase to the Lair.
  8249 | D:9      | Reached skill level 9 in Fighting
  8474 | D:9      | Reached **** piety under Elyvilon
  8641 | D:9      | Reached XP level 11. HP: 73/84 MP: 0/0
  8641 | D:9      | Learned a level 4 spell: Summon Lightning Spire
  8698 | D:9      | Killed Erica
  8699 | D:9      | Reached skill level 1 in Invocations
  8706 | D:9      | Noticed a two-headed ogre
  8707 | D:9      | Reached skill level 3 in Dodging
  8768 | D:9      | Killed a two-headed ogre
  8769 | D:9      | Reached skill level 2 in Invocations
  9159 | D:9      | Reached skill level 10 in Fighting
  9159 | D:9      | Reached skill level 4 in Dodging
  9159 | D:9      | HP: 19/85 [yak (8)]
  9160 | D:9      | Reached skill level 3 in Invocations
  9705 | D:10     | Entered Level 10 of the Dungeon
  9777 | D:10     | Reached skill level 5 in Dodging
  9777 | D:10     | Reached skill level 4 in Invocations
 10268 | D:9      | HP: 21/85 [gargoyle/stone arrow (15)]
 10269 | D:9      | HP: 7/85 [gargoyle/stone arrow (13)]
 10646 | D:10     | Reached skill level 6 in Dodging
 10778 | D:10     | Reached skill level 5 in Invocations
 11056 | D:11     | Noticed Urug
 11063 | D:11     | Killed Urug
 11262 | D:11     | Reached skill level 7 in Dodging
 11459 | D:11     | Reached skill level 6 in Invocations
 11459 | D:11     | Reached XP level 12. HP: 91/91 MP: 0/0
 11546 | D:11     | Found a snail-covered altar of Cheibriados.
 11605 | D:11     | Reached ***** piety under Elyvilon
 11678 | D:12     | Found a gate leading to a gauntlet.
 11781 | Gauntlet | Entered a Gauntlet
 11781 | Gauntlet | Found a transporter.
 11781 | Gauntlet | Found a transporter.
 11785 | Gauntlet | Found a transporter.
 11785 | Gauntlet | Found a transporter.
 11789 | Gauntlet | Noticed a death scarab
 11795 | Gauntlet | Found a transporter.
 11814 | Gauntlet | Found a transporter.
 11835 | Gauntlet | Found a transporter.
 11837 | Gauntlet | Found a transporter.
 11840 | Gauntlet | Found a transporter.
 11846 | Gauntlet | Found a transporter.
 11858 | Gauntlet | Found a transporter.
 11860 | Gauntlet | Noticed a soul eater
 11938 | Gauntlet | Found a transporter.
 11954 | Gauntlet | Found a transporter.
 12037 | Gauntlet | Found a transporter.
 12053 | Gauntlet | Found a transporter.
 12062 | Gauntlet | Noticed a fire crab
 12070 | Gauntlet | Found a transporter.
 12355 | Gauntlet | Killed a soul eater
 12398 | Gauntlet | Identified the amulet "Megutsosh" {Spirit Fly MP+9 Dex+2}
 12424 | Gauntlet | HP: 20/91 [tyrant leech (18)]
 12424 | Gauntlet | HP: 9/91 [swamp worm (11)]
 12425 | Gauntlet | HP: 1/91 [tyrant leech (8)]
 12510 | Gauntlet | Identified the amulet of the First Ghosts {Reflect rC-
                  | rCorr SH+5 SInv Stlth+}
 12510 | Gauntlet | Noticed a minotaur
 12516 | Gauntlet | Killed a minotaur
 12517 | Gauntlet | Reached skill level 8 in Dodging
 12517 | Gauntlet | Reached skill level 7 in Invocations
 12682 | D:12     | Reached skill level 9 in Dodging
 12736 | D:12     | Found a staircase to the Orcish Mines.
 12760 | D:12     | Reached skill level 8 in Invocations
 12795 | D:12     | Noticed a tengu warrior
 12813 | D:12     | Killed a tengu warrior
 12969 | D:12     | Found a hide-covered altar of Uskayaw.
 13173 | D:12     | Noticed Fannar
 13199 | D:12     | Killed Fannar
 13528 | D:13     | Noticed a two-headed ogre
 13539 | D:13     | Killed a two-headed ogre
 13540 | D:13     | Reached skill level 10 in Dodging
 13540 | D:13     | Reached skill level 9 in Invocations
 13557 | D:13     | Noticed a vault guard
 13559 | D:13     | Noticed a vault guard
 13569 | D:13     | Noticed a vault guard
 13571 | D:13     | HP: 20/91 [vault guard/+0 battleaxe (24)]
 13573 | D:13     | HP: 2/91 [vault guard/+0 battleaxe (16)]
 13576 | D:13     | Elyvilon protects you from harm!
 13836 | D:13     | Noticed a vault guard
 13858 | D:13     | Killed a vault guard
 13859 | D:13     | Reached skill level 1 in Shields
 13862 | D:13     | Noticed a vault guard
 13914 | D:13     | Killed a vault guard
 13915 | D:13     | Reached skill level 2 in Shields
 13915 | D:13     | Reached XP level 13. HP: 48/96 MP: 0/0
 13915 | D:13     | Learned a level 5 spell: Borgnjor's Vile Clutch
 14003 | D:13     | Killed a vault guard
 14004 | D:13     | Reached skill level 3 in Shields
 14010 | D:13     | Noticed a vault guard
 14024 | D:13     | Killed a vault guard
 14084 | D:13     | Found a gate to the Vaults.
 14101 | D:13     | Killed a vault guard
 14102 | D:13     | Reached skill level 4 in Shields
 14144 | D:13     | Noticed a vault guard
 14170 | D:13     | Killed a vault guard
 14171 | D:13     | Reached skill level 10 in Invocations
 14173 | D:13     | Killed a vault guard
 14174 | D:13     | Reached skill level 5 in Shields
 14214 | D:13     | Noticed a vault guard
 14238 | D:13     | Killed a vault guard
 14616 | D:13     | Found an iron altar of Okawaru.
 14669 | D:13     | Noticed Josephine
 14678 | D:13     | Killed Josephine
 15068 | D:13     | Reached skill level 11 in Spellcasting
 15068 | D:13     | Reached skill level 11 in Conjurations
 15068 | D:13     | Reached skill level 11 in Hexes
 15068 | D:13     | Reached skill level 11 in Summonings
 15068 | D:13     | Reached skill level 11 in Necromancy
 15068 | D:13     | Reached skill level 11 in Translocations
 15068 | D:13     | Reached skill level 11 in Transmutations
 15068 | D:13     | Reached skill level 11 in Fire Magic
 15068 | D:13     | Reached skill level 11 in Ice Magic
 15068 | D:13     | Reached skill level 11 in Air Magic
 15068 | D:13     | Reached skill level 11 in Earth Magic
 15068 | D:13     | Reached skill level 11 in Poison Magic
 15096 | D:14     | Noticed a catoblepas
 15100 | D:14     | Noticed a centaur warrior
 15418 | Lair:1   | Entered Level 1 of the Lair of Beasts
 15488 | Lair:1   | HP: 24/96 [elephant (15)]
 15494 | Lair:1   | HP: 14/96 [elephant (1)]
 15758 | Lair:1   | Reached ****** piety under Elyvilon
 15760 | Lair:1   | Noticed a catoblepas
 15769 | Lair:1   | Killed a catoblepas
 15770 | Lair:1   | Reached skill level 1 in Evocations
 15964 | Lair:1   | Reached skill level 2 in Evocations
 15964 | Lair:1   | Reached XP level 14. HP: 102/103 MP: 0/0
 16169 | Lair:1   | Was placed under penance by Elyvilon
 16476 | Lair:2   | Was forgiven by Elyvilon
 16484 | Lair:2   | Found a staircase to the Shoals.
 16534 | Lair:2   | Reached skill level 3 in Evocations
 16981 | Lair:2   | Reached skill level 12 in Spellcasting
 16981 | Lair:2   | Reached skill level 12 in Conjurations
 16981 | Lair:2   | Reached skill level 12 in Hexes
 16981 | Lair:2   | Reached skill level 12 in Summonings
 16981 | Lair:2   | Reached skill level 12 in Necromancy
 16981 | Lair:2   | Reached skill level 12 in Translocations
 16981 | Lair:2   | Reached skill level 12 in Transmutations
 16981 | Lair:2   | Reached skill level 12 in Fire Magic
 16981 | Lair:2   | Reached skill level 12 in Ice Magic
 16981 | Lair:2   | Reached skill level 12 in Air Magic
 16981 | Lair:2   | Reached skill level 12 in Earth Magic
 16981 | Lair:2   | Reached skill level 12 in Poison Magic
 17378 | Lair:2   | Reached skill level 4 in Evocations
 17690 | Lair:3   | Noticed Qoatoaf's ghost (journeyman MiFi)
 17702 | Lair:3   | Found a transporter.
 17790 | Lair:3   | Reached skill level 5 in Evocations
 17790 | Lair:3   | HP: 25/103 [cloud of flame (4)]
 17868 | Lair:3   | Found a transporter.
 17967 | Lair:3   | Noticed Sonja
 17971 | Lair:3   | Killed Sonja
 17972 | Lair:3   | Reached skill level 6 in Evocations
 18051 | Lair:3   | Found a hole to the Spider Nest.
 18238 | Lair:3   | Was placed under penance by Elyvilon
 18405 | Lair:3   | You are sucked into a shaft and drop 2 floors!
 18405 | Lair:5   | Entered Level 5 of the Lair of Beasts
 18576 | Lair:3   | Reached skill level 7 in Evocations
 18588 | Lair:3   | Noticed Nergalle
 18601 | Lair:3   | Killed Nergalle
 18670 | Lair:3   | Noticed Amaemon
 18720 | Lair:3   | Killed Amaemon
 19296 | Lair:4   | Reached skill level 13 in Spellcasting
 19296 | Lair:4   | Reached skill level 13 in Conjurations
 19296 | Lair:4   | Reached skill level 13 in Hexes
 19296 | Lair:4   | Reached skill level 13 in Summonings
 19296 | Lair:4   | Reached skill level 13 in Necromancy
 19296 | Lair:4   | Reached skill level 13 in Translocations
 19296 | Lair:4   | Reached skill level 13 in Transmutations
 19296 | Lair:4   | Reached skill level 13 in Fire Magic
 19296 | Lair:4   | Reached skill level 13 in Ice Magic
 19296 | Lair:4   | Reached skill level 13 in Air Magic
 19296 | Lair:4   | Reached skill level 13 in Earth Magic
 19296 | Lair:4   | Reached skill level 13 in Poison Magic
 19562 | Lair:4   | Reached skill level 8 in Evocations
 19562 | Lair:4   | Reached XP level 15. HP: 71/107 MP: 0/0
 19562 | Lair:4   | Learned a level 6 spell: Leda's Unmaking
 19577 | Lair:4   | HP: 17/107 [death yak (12)]
 19578 | Lair:4   | Elyvilon protects you from harm!
 19578 | Lair:4   | HP: 8/107 [cloud of flame (8)]
 20105 | Lair:5   | Was forgiven by Elyvilon
 20252 | Lair:5   | Reached skill level 9 in Evocations
 20725 | Lair:5   | Found a staircase to the Slime Pits.
 21126 | Lair:5   | HP: 23/107 [spore (15)]
 21368 | Lair:5   | Reached skill level 10 in Evocations
 21542 | Lair:5   | HP: 20/107 [dire elephant (10)]
 21554 | Lair:5   | HP: 25/107 [dire elephant (6)]
 21556 | Lair:5   | HP: 9/107 [dire elephant (18)]
 21557 | Lair:5   | HP: 2/107 [dire elephant (9)]
 21558 | Lair:5   | Elyvilon protects you from harm!
 21566 | Lair:5   | Reached skill level 14 in Spellcasting
 21566 | Lair:5   | Reached skill level 14 in Conjurations
 21566 | Lair:5   | Reached skill level 14 in Hexes
 21566 | Lair:5   | Reached skill level 14 in Summonings
 21566 | Lair:5   | Reached skill level 14 in Necromancy
 21566 | Lair:5   | Reached skill level 14 in Translocations
 21566 | Lair:5   | Reached skill level 14 in Transmutations
 21566 | Lair:5   | Reached skill level 14 in Fire Magic
 21566 | Lair:5   | Reached skill level 14 in Ice Magic
 21566 | Lair:5   | Reached skill level 14 in Air Magic
 21566 | Lair:5   | Reached skill level 14 in Earth Magic
 21566 | Lair:5   | Reached skill level 14 in Poison Magic
 21699 | Lair:5   | Identified the ring "Xinkuka" {rF+ rN+ Will- Str+2 Int+3}
 22140 | Orc:1    | Entered Level 1 of the Orcish Mines
 22375 | Orc:1    | Gained mutation: You occasionally shout uncontrollably at
                  | your foes. [a neqoxec]
 22846 | Orc:2    | Entered Level 2 of the Orcish Mines
 22872 | Orc:2    | Noticed an orc warlord
 22908 | Orc:1    | HP: 24/107 [shot self (7)]
 22917 | Orc:1    | HP: 17/107 [orc warrior/+0 dire flail of draining[an orc
                  | warlord] (16)]
 22996 | Orc:1    | Killed an orc warlord
 23664 | Orc:2    | Found a staircase to the Elven Halls.
 24067 | Orc:2    | Found Mounuul's Weapon Shop.
 24067 | Orc:2    | Found Ohiaz's Armour Shoppe.
 24067 | Orc:2    | Found Woih's Distillery.
 24070 | Orc:2    | Found Rymobbots's Distillery.
 24092 | Orc:2    | Reached XP level 16. HP: 93/114 MP: 0/0
 24171 | Orc:2    | Bought 2 potions of lignification for 90 gold pieces
 24176 | Orc:2    | Bought a potion of might for 56 gold pieces
 24724 | D:3      | Bought a potion of mutation for 80 gold pieces
 24921 | Spider:1 | Entered Level 1 of the Spider Nest
 25363 | Spider:1 | Reached skill level 11 in Fighting
 25363 | Spider:1 | Reached skill level 11 in Invocations
 25676 | Spider:1 | HP: 24/117 [wolf spider (10)]
 25677 | Spider:1 | HP: 11/117 [wolf spider (14)]
 26021 | Spider:1 | Reached skill level 12 in Fighting
 26021 | Spider:1 | Reached skill level 12 in Invocations
 26021 | Spider:1 | Reached XP level 17. HP: 124/124 MP: 0/0
 26021 | Spider:1 | Learned a level 6 spell: Simulacrum
 26022 | Spider:1 | Reached XP level 18. HP: 131/131 MP: 0/0
 26345 | Spider:2 | Reached skill level 13 in Fighting
 26345 | Spider:2 | Reached skill level 13 in Invocations
 26479 | Spider:2 | Identified the +7 chain mail of Mumierr {Will+ Int+3}
 27674 | Spider:3 | HP: 29/127 [culicivora (14)]
 27680 | Spider:3 | HP: 19/127 [redback (1)]
 27685 | Spider:3 | HP: 15/127 [jumping spider (3)]
 27809 | Spider:2 | HP: 29/130 [wolf spider (5)]
 28273 | Spider:3 | Noticed Nikola
 28302 | Spider:3 | HP: 27/133 [demonic crawler (13)]
 28305 | Spider:3 | HP: 12/133 [boulder beetle (4)]
 28306 | Spider:3 | HP: 2/133 [boulder beetle (5)]
 28309 | Spider:3 | Elyvilon protects you from harm!
 28422 | Spider:3 | Killed Nikola
 28527 | Spider:3 | Noticed Arachne
 28546 | Spider:3 | HP: 29/134 [redback (12)]
 28559 | Spider:3 | HP: 25/134 [Arachne/staff of poison (15)]
 28961 | Spider:4 | Entered Level 4 of the Spider Nest
 29034 | Spider:4 | Reached skill level 14 in Fighting
 29034 | Spider:4 | Reached skill level 14 in Invocations
 29225 | Spider:4 | Found a frozen archway.
 29290 | IceCv    | Entered an ice cave
 29539 | IceCv    | Reached XP level 19. HP: 126/141 MP: 0/0
 29539 | IceCv    | Learned a level 7 spell: Summon Hydra
 29906 | Spider:3 | HP: 22/141 [Arachne/staff of poison (18)]
 29915 | Spider:3 | HP: 24/141 [Arachne/staff of poison (18)]
 29923 | Spider:3 | Killed Arachne
 30023 | Spider:4 | HP: 32/141 [something (7)]
 30023 | Spider:4 | HP: 15/141 [jumping spider[a broodmother] (1)]
 30237 | Spider:4 | HP: 21/141 [wolf spider (16)]
 30239 | Spider:4 | HP: 3/141 [entropy weaver (12)]
 30240 | Spider:4 | Elyvilon protects you from harm!
 30240 | Spider:4 | Mangled by an entropy weaver

Illustrated notes

Levels and vault maps discovered:
D:1:      heliophobic_arrival_enchanted_forest, layout_basic,
          ebering_ecumenical_altar_webs, chequers_serial_rivers_micro_c,
          minmay_pentomino_z2
D:2:      minmay_evil_eye, layout_basic, nrook_mini_vaults, uniq_sigmund,
          uniq_crazy_yiuf_cottage
D:3:      layout_rooms, serial_shops, nicolae_shop_back_alley_shop,
          kennysheep_generic_room_14
D:4:      layout_cave_pods, minmay_temple_entry_ruins, kennysheep_generic_room_5
D:5:      layout_rooms, ebering_ghost_reflecting_pool
D:6:      layout_basic, chequers_temple_overflow_minitemple,
          minmay_mini_ossuary, uniq_maggie
D:7:      layout_cave_pools, grunt_decor_fettered, wad_mini_maze, uniq_pikel,
          uniq_menkaure
D:8:      layout_gridville, grunt_lair_entry_orc_guard_hut,
          gammafunk_ghost_smash
D:9:      layout_basic, uniq_erica
D:10:     layout_loops_ring
D:11:     layout_long_grid, kennysheep_slug_shrine, uniq_urug
D:12:     layout_roguey, orc_0_dummy, gauntlet_entry_generic, minmay_hedge_maze,
          eat_drink_and_be_merry_uskayaw, uniq_fannar
D:13:     layout_basic, erik_vaults_2, okawaru_metal_pillars_1_2, uniq_josephine
D:14:     layout_cross, kennysheep_doodads, drop_trap, trog_hazing_becter
Temple:   hellmonk_temple_divided_pantheon
Lair:1:   layout_regular_city, lemuel_fruit_fields
Lair:2:   layout_loops_ring, minmay_shoals_entry_centaurs,
          nicolae_lair_liquid_snakes
Lair:3:   layout_loops_ring, spider_nest_entry_web_field, gammafunk_ghost_arena,
          uniq_sonja, uniq_nergalle, uniq_amaemon
Lair:4:   layout_loops_ring, lemuel_fruit_tree
Lair:5:   due_jungle_book, layout_regular_city, dpeg_slime_entry_enclosed,
          nicolae_lair_grove_arrangements, serial_bayou_shore_b,
          serial_bayou_shore_a, serial_bayou_shore_b
Spider:1: layout_spider_delve, hangedman_spider_tarantella_strand
Spider:2: layout_chambers
Spider:3: layout_spider_delve, uniq_arachne, uniq_nikola
Spider:4: grunt_spider_rune_parallel, portal_ice_cave_entry_ice_statue_two,
          nicolae_spider_altar_of_dancing
Orc:1:    layout_caves, basic_altar, nicolae_orc_bridge_out
Orc:2:    st_orc_rangers, layout_caves, basic_altar

Skill      XL: |  1  2  3  4  5  6  7  8  9 10 11 12 13 14 15 16 17 18 |
---------------+-------------------------------------------------------+-----
Spellcasting   | 4 5 7 8 9 10 11 13 14 | 14.2
Conjurations   | 4 5 7 8 9 10 11 13 14 | 14.2
Hexes          | 4 5 7 8 9 10 11 13 14 | 14.2
Summonings     | 4 5 7 8 9 10 11 13 14 | 14.2
Necromancy     | 4 5 7 8 9 10 11 13 14 | 14.2
Translocations | 4 5 7 8 9 10 11 13 14 | 14.2
Transmutations | 4 5 7 8 9 10 11 13 14 | 14.2
Fire Magic     | 4 5 7 8 9 10 11 13 14 | 14.2
Ice Magic      | 4 5 7 8 9 10 11 13 14 | 14.2
Air Magic      | 4 5 7 8 9 10 11 13 14 | 14.2
Earth Magic    | 4 5 7 8 9 10 11 13 14 | 14.2
Poison Magic   | 4 5 7 8 9 10 11 13 14 | 14.2
Fighting       | 2 5 9 10 12 14 | 14.7
Invocations    | 6 9 10 12 14 | 14.7
Dodging        | 7 10 | 10.0
Shields        | 2 5 |  5.0
Evocations     | 2 8 10 | 10.0
Stealth        | |  1.5

Action                     |  1- 3 |  4- 6 |  7- 9 | 10-12 | 13-15 | 16-18 | 19-21 || total
---------------------------+-------+-------+-------+-------+-------+-------+-------++-------
  Melee: Staff             |       |       |       |     5 |    16 |     6 |     1 ||    28
   Cast: Foxfire           |    92 |    91 |   305 |   392 |   828 |   299 |    16 ||  2023
         Scorch            |     5 |     1 |    17 |    76 |   114 |    22 |       ||   235
         Volatile Blastmot |       |     4 |     2 |    17 |    47 |       |     1 ||    71
         Summon Small Mamm |       |       |     2 |     6 |     7 |     2 |       ||    17
         Flame Wave        |       |       |       |    26 |    40 |    13 |     3 ||    82
         Summon Lightning  |       |       |       |    16 |    18 |     5 |     2 ||    41
         Blink             |       |       |       |     4 |       |       |       ||     4
         Inner Flame       |       |       |       |     7 |    82 |     4 |       ||    93
         Momentum Strike   |       |       |       |       |     3 |       |       ||     3
         Leda's Unmaking   |       |       |       |       |    15 |   141 |    18 ||   174
         Summon Hydra      |       |       |       |       |       |       |     2 ||     2
 Invoke: Heal Self         |       |       |       |     1 |     2 |    11 |     7 ||    21
         Purification      |       |       |       |     1 |       |     1 |     2 ||     4
         Heal Other        |       |       |       |       |     4 |       |       ||     4
  Evoke: Wand              |       |       |       |     1 |       |       |     6 ||     7
         Phantom mirror    |       |       |       |       |       |     1 |       ||     1
         Box of beasts     |       |       |       |       |       |       |     1 ||     1
         Phial of floods   |       |       |       |       |       |       |     1 ||     1
    Use: Scroll            |       |       |       |    25 |     7 |     7 |     2 ||    41
         Potion            |       |       |       |     1 |       |     5 |       ||     6
 Armour: Robe              |       |       |     9 |       |       |       |       ||     9
         Acid dragon scale |       |       |       |    40 |       |       |       ||    40
         Troll leather arm |       |       |       |    16 |   132 |   113 |    43 ||   304
  Dodge: Dodged            |     4 |     3 |    25 |   196 |   451 |   218 |    60 ||   957
  Block: Buckler           |       |       |       |       |   134 |    64 |    13 ||   211

Table legend: (Time is in decaauts)
 A = Elapsed time spent in this place.
 B = Non-inter-level travel time spent in this place.
 C = Inter-level travel time spent in this place.
 D = Time resting spent in this place.
 E = Time spent auto-exploring this place.
 F = Levels seen in this place.
 G = Mean time per level.
                   A        B        C        D        E       F      G
               +--------+--------+--------+--------+--------+-----+--------+
         Total |  30300 |  27176 |   3124 |    528 |  20606 |  28 | 1082.1 |
       Dungeon |  15116 |  13009 |   2107 |     34 |  10547 |  14 | 1079.7 |
        Temple |     52 |     27 |     25 |      0 |     12 |   1 |   52.0 |
          Lair |   6671 |   6137 |    534 |    225 |   4670 |   5 | 1334.2 |
   Spider Nest |   4817 |   4536 |    281 |    116 |   3512 |   4 | 1204.2 |
  Orcish Mines |   2381 |   2206 |    175 |     31 |   1227 |   2 | 1190.5 |
      Ice Cave |    504 |    504 |      0 |    122 |    178 |   1 |  504.0 |
      Gauntlet |    755 |    755 |      0 |      0 |    460 |   1 |  755.0 |
               +--------+--------+--------+--------+--------+-----+--------+

Top non-repeatable levels by time:
  Lair:5: 1847 daAuts
     D:9: 1828 daAuts
    D:13: 1602 daAuts
Spider:2: 1597 daAuts
  Lair:2: 1502 daAuts
Spider:3: 1501 daAuts
     D:7: 1391 daAuts
   Orc:2: 1341 daAuts
Spider:1: 1319 daAuts
     D:4: 1249 daAuts
    D:12: 1205 daAuts
  Lair:3: 1203 daAuts
     D:8: 1140 daAuts
     D:2: 1128 daAuts
    D:10: 1124 daAuts

Levels and vault maps discovered:
D:1:      heliophobic_arrival_enchanted_forest, layout_basic,
          ebering_ecumenical_altar_webs, chequers_serial_rivers_micro_c,
          minmay_pentomino_z2
D:2:      minmay_evil_eye, layout_basic, nrook_mini_vaults, uniq_sigmund,
          uniq_crazy_yiuf_cottage
D:3:      layout_rooms, serial_shops, nicolae_shop_back_alley_shop,
          kennysheep_generic_room_14
D:4:      layout_cave_pods, minmay_temple_entry_ruins, kennysheep_generic_room_5
D:5:      layout_rooms, ebering_ghost_reflecting_pool
D:6:      layout_basic, chequers_temple_overflow_minitemple,
          minmay_mini_ossuary, uniq_maggie
D:7:      layout_cave_pools, grunt_decor_fettered, wad_mini_maze, uniq_pikel,
          uniq_menkaure
D:8:      layout_gridville, grunt_lair_entry_orc_guard_hut,
          gammafunk_ghost_smash
D:9:      layout_basic, uniq_erica
D:10:     layout_loops_ring
D:11:     layout_long_grid, kennysheep_slug_shrine, uniq_urug
D:12:     layout_roguey, orc_0_dummy, gauntlet_entry_generic, minmay_hedge_maze,
          eat_drink_and_be_merry_uskayaw, uniq_fannar
D:13:     layout_basic, erik_vaults_2, okawaru_metal_pillars_1_2, uniq_josephine
D:14:     layout_cross, kennysheep_doodads, drop_trap, trog_hazing_becter
Temple:   hellmonk_temple_divided_pantheon
Lair:1:   layout_regular_city, lemuel_fruit_fields
Lair:2:   layout_loops_ring, minmay_shoals_entry_centaurs,
          nicolae_lair_liquid_snakes
Lair:3:   layout_loops_ring, spider_nest_entry_web_field, gammafunk_ghost_arena,
          uniq_sonja, uniq_nergalle, uniq_amaemon
Lair:4:   layout_loops_ring, lemuel_fruit_tree
Lair:5:   due_jungle_book, layout_regular_city, dpeg_slime_entry_enclosed,
          nicolae_lair_grove_arrangements, serial_bayou_shore_b,
          serial_bayou_shore_a, serial_bayou_shore_b
Spider:1: layout_spider_delve, hangedman_spider_tarantella_strand
Spider:2: layout_chambers
Spider:3: layout_spider_delve, uniq_arachne, uniq_nikola
Spider:4: grunt_spider_rune_parallel, portal_ice_cave_entry_ice_statue_two,
          nicolae_spider_altar_of_dancing
Orc:1:    layout_caves, basic_altar, nicolae_orc_bridge_out
Orc:2:    st_orc_rangers, layout_caves, basic_altar

Table legend: (Time is in decaauts)
 A = Elapsed time spent in this place.
 B = Non-inter-level travel time spent in this place.
 C = Inter-level travel time spent in this place.
 D = Time resting spent in this place.
 E = Time spent auto-exploring this place.
 F = Levels seen in this place.
 G = Mean time per level.
                   A        B        C        D        E       F      G
               +--------+--------+--------+--------+--------+-----+--------+
         Total |  30300 |  27176 |   3124 |    528 |  20606 |  28 | 1082.1 |
       Dungeon |  15116 |  13009 |   2107 |     34 |  10547 |  14 | 1079.7 |
        Temple |     52 |     27 |     25 |      0 |     12 |   1 |   52.0 |
          Lair |   6671 |   6137 |    534 |    225 |   4670 |   5 | 1334.2 |
   Spider Nest |   4817 |   4536 |    281 |    116 |   3512 |   4 | 1204.2 |
  Orcish Mines |   2381 |   2206 |    175 |     31 |   1227 |   2 | 1190.5 |
      Ice Cave |    504 |    504 |      0 |    122 |    178 |   1 |  504.0 |
      Gauntlet |    755 |    755 |      0 |      0 |    460 |   1 |  755.0 |
               +--------+--------+--------+--------+--------+-----+--------+

Top non-repeatable levels by time:
  Lair:5: 1847 daAuts
     D:9: 1828 daAuts
    D:13: 1602 daAuts
Spider:2: 1597 daAuts
  Lair:2: 1502 daAuts
Spider:3: 1501 daAuts
     D:7: 1391 daAuts
   Orc:2: 1341 daAuts
Spider:1: 1319 daAuts
     D:4: 1249 daAuts
    D:12: 1205 daAuts
  Lair:3: 1203 daAuts
     D:8: 1140 daAuts
     D:2: 1128 daAuts
    D:10: 1124 daAuts

Table legend:
 A = Kills in this place as a percentage of kills in the entire game.
 B = Kills by you in this place as a percentage of kills by you in the entire game.
 C = Kills by friends in this place as a percentage of kills by friends in the entire game.
 D = Other kills in this place as a percentage of other kills in the entire game.
 E = Experience gained in this place as a percentage of experience gained in the entire game.
 F = Experience gained in this place divided by the number of levels of this place that you have seen.
                   A       B       C       D       E      F
               +-------+-------+-------+-------+-------+----------------------
         Total | 100.0 | 100.0 | 100.0 | 100.0 | 100.0 | 6066.6
       Dungeon |  39.9 |  40.3 |  29.2 |   0.0 |  21.0 | 2547.3
          Lair |  24.5 |  24.8 |  16.7 |   0.0 |  33.2 | 11270.4
   Spider Nest |  18.2 |  18.4 |  12.5 |   0.0 |  31.6 | 13417.5
  Orcish Mines |  12.3 |  11.7 |  25.0 | 100.0 |   7.1 | 6063.5
      Ice Cave |   3.5 |   3.7 |   0.0 |   0.0 |   5.3 | 8967.0
      Gauntlet |   1.6 |   1.1 |  16.7 |   0.0 |   1.8 | 3087.0
               +-------+-------+-------+-------+-------+----------------------
